 Dungeon Crawl Stone Soup version 0.29.0-13-gc9e81de378 (webtiles) character file.

Game seed: 1043943600790046172

7434 Ofeo the Prestidigitator (level 11, 0/88 HPs)
             Began as a Meteoran Earth Elementalist on Sept 10, 2022.
             Was a Believer of Vehumet.
             Slain by a yak (10 damage)
             ... on level 1 of the Lair of Beasts.
             The game lasted 00:25:49 (1840 turns).

Ofeo the Prestidigitator (MeEE)                     Turns: 1840, Time: 00:25:50

Health: 0/88       AC: 12    Str: 11    XL:     11   Next: 63%
Magic:  9/24       EV: 15    Int: 21    God:    Vehumet [**....]
Gold:   196        SH:  0    Dex: 14    Spells: 14/26 levels left

rFire   . . .      SeeInvis .   v - +2 war axe (flame)
rCold   . . .      Faith    .   (no shield)
rNeg    . . .      Spirit   .   w - +0 steam dragon scales
rPois   .          Reflect  .   k - +1 helmet
rElec   .          Harm     .   (no cloak)
rCorr   .          Rampage  .   b - +0 pair of gloves
Will    +....                   (no boots)
Stlth   +.........              (no amulet)
HPRegen 0.24/turn               d - +4 ring of protection
MPRegen 0.19/turn               o - ring of wizardry

@: glowing
A: sense surroundings 2, otherworldly, glowing, explore regen
a: Renounce Religion


You were on level 1 of the Lair of Beasts.
You worshipped Vehumet.
Vehumet was pleased with you.
You visited 2 branches of the dungeon, and saw 10 of its levels.
You also visited: Bailey.

You collected 196 gold pieces.

Inventory:

Hand Weapons
 v - a +2 war axe of flaming (weapon)
Armour
 a - a +0 robe
 b - a +0 pair of gloves (worn)
 c - a +0 pair of gloves
 k - a +1 helmet (worn)
 t - a +1 ring mail of fire resistance
 u - a +2 robe of positive energy
 w - +0 steam dragon scales (worn)
Magical Staves
 j - a staff of air
Jewellery
 d - a +4 ring of protection (left hand)
 l - a ring of protection from cold
 o - a ring of wizardry (right hand)
Wands
 r - a wand of acid (6) {@v2}
 s - a wand of paralysis (7)
 y - a wand of roots (3)
Scrolls
 g - 3 scrolls of teleportation {@r3}
 n - a scroll of magic mapping
 p - a scroll of vulnerability
 x - a scroll of blinking {@r4}
Potions
 e - a potion of magic
 f - 4 potions of attraction
 i - 2 potions of haste {@q3}
 m - 3 potions of might {@q4}
 q - a potion of curing {@q1}
 z - a potion of flight {unknown}


   Skills:
 + Level 5.3 Fighting
 + Level 7.9 Dodging
 - Level 3.4 Stealth
 + Level 8.1 Spellcasting
 + Level 5.7 Conjurations
 - Level 3.0 Necromancy
 + Level 7.7 Transmutations
 + Level 8.4 Earth Magic
 * Level 8.4 Evocations


You had 14 spell levels left.
You knew the following spells:

 Your Spells              Type           Power      Damage    Failure   Level
a - Sandblast             Erth           86%        2d18      1%          1
b - Passwall              Tmut/Erth      35%        N/A       1%          2
c - Stone Arrow           Conj/Erth      76%        3d11      1%          3
d - Petrify               Tmut/Erth      42%        N/A       1%          4
e - Sublimation of Blood  Necr           21%        N/A       1%          2

Your spell library contained the following spells:

 Spells                   Type           Power      Damage    Failure   Level
 Mephitic Cloud           Conj/Pois/Air  16%        N/A       4%          3
 Wereblood                Tmut           40%        N/A       1%          2
 Summon Hydra             Summ           4%         N/A       100%        7


Dungeon Overview and Level Annotations

Branches:
Dungeon (9/15) Zot: 3990     Lair (1/5) D:8 Zot: 335  Bailey (visited)
 Temple: D:4-7          Orc: D:9-12

Altars:
Ashenzari
Fedhas
Trog
Uskayaw
Vehumet

Shops:
D:1 (

Annotations:
D:7 2 transporters, AlmostDecent's ghost, novice GnEE


Innate Abilities, Weirdness & Mutations

You passively map the area around you.
You are easily found by Zot.
You glow in the dark.
You regain HP and MP as you explore.


Message History

You feel sick.
You feel sick.
You are no longer poisoned.
The yak attacks as you move away! The yak closely misses you.
You regained 2 hp, and now have 37/88 hp.
The yak attacks as you move away! The yak closely misses you.
You regained 3 hp, and now have 40/88 hp.
You regained 4 mp, and now have 10/24 mp.
You regained 2 hp, and now have 43/88 hp.
You regained 2 mp, and now have 12/24 mp.
Casting: Stone Arrow (safe; 1% risk of failure)
Confirm with . or Enter, or press ? or * to list all spells.
Aiming: Sandblast (safe; 1% risk of failure)
Press: ? - help, Shift-Dir - straight line, f - yak
Aim: a yak (91% to hit)
The blast of sand hits the yak!!
The yak is heavily wounded.
The yak gores you! The yak gores you but does no damage.
You take 11 damage, and have 32/88 hp.
You now have 11/24 mp.
Casting: Sandblast (safe; 1% risk of failure)
Confirm with . or Enter, or press ? or * to list all spells.
Aiming: Sandblast (safe; 1% risk of failure)
Press: ? - help, Shift-Dir - straight line, f/p - yak
Aim: a yak (heavily wounded, 91% to hit)
The blast of sand hits the yak but does no damage.
The yak is heavily wounded.
The yak gores you!
* * * LOW HITPOINT WARNING * * *
You take 9 damage, and have 23/88 hp.
You now have 10/24 mp.
Casting: Sandblast (safe; 1% risk of failure)
Confirm with . or Enter, or press ? or * to list all spells.
Aiming: Sandblast (safe; 1% risk of failure)
Press: ? - help, Shift-Dir - straight line, f/p - yak
Aim: a yak (heavily wounded, 91% to hit)
The blast of sand hits the yak.
The yak is heavily wounded.
The yak gores you!
* * * LOW HITPOINT WARNING * * *
The yak gores you!
You die...

................, , ,
................ ... , ,
............... .. , ,
.....Y......... .. , ,,
..............## .## , * *
##..##.P#......###..## ,
#.######............# ,
#.....##.....#Y.....##., ,
##.....##.....##@.......,,,* , ,
PP.....P#.....##.....#.....# , ,
+..Y....#.....#......#.....# ,
##......#(....###.#####....# +P
#......##.....##...####....##.#*
###†#.###......................,.
###'#####.....................F .
........†......................
........................FF.....,


You could see a yak.

Vanquished Creatures
  An orc knight (Bailey)
  A deep elf pyromancer (Bailey)
  Joseph (D:8)
  A cane toad (Lair:1)
  Maggie (D:7)
  10 blink frogs (Lair:1)
  4 dream sheep (Lair:1)
  5 yaks (Lair:1)
  3 water moccasins (Lair:1)
  2 black bears
  An ice beast (D:8)
  6 orc warriors
  A sky beast (D:7)
  An ogre (D:6)
  A phantom (D:6)
  3 bullfrogs
  A necrophage (D:7)
  A scorpion (D:8)
  7 killer bees (D:7)
  2 jellies
  3 orc priests
  4 hounds
  2 iguanas
  2 orc wizards
  A statue (D:5)
  An adder (D:4)
  A shadow imp (D:7)
  A white imp (D:7)
  2 ufetubi
  3 dart slugs
  28 orcs
  3 giant cockroaches
  3 hobgoblins
  A quokka (D:5)
  2 ball pythons (D:1)
  A bat (D:1)
  A frilled lizard (D:1)
  3 goblins
  A kobold (D:4)
  2 rats (D:1)
118 creatures vanquished.

Vanquished Creatures (others)
  12 fungi (D:8)
  10 plants
22 creatures vanquished.

Grand Total: 140 creatures vanquished

Notes
Turn   | Place    | Note
-------+----------+-------------------------------------------
     0 | D:1      | Ofeo the Meteoran Earth Elementalist began the quest for
                  | the Orb.
     0 | D:1      | Reached XP level 1. HP: 14/14 MP: 5/5
   101 | D:1      | Reached XP level 2. HP: 16/20 MP: 2/6
   166 | D:1      | Found Otioll's Antique Weapon Boutique.
   210 | D:4      | Noticed a hound
   215 | D:4      | Killed a hound
   216 | D:4      | Reached XP level 3. HP: 14/26 MP: 4/8
   216 | D:4      | Reached XP level 4. HP: 18/33 MP: 4/9
   321 | D:5      | Entered Level 5 of the Dungeon
   334 | D:5      | Reached XP level 5. HP: 33/38 MP: 8/11
   379 | D:4      | Found a blossoming altar of Fedhas.
   419 | D:4      | Learned a level 2 spell: Passwall
   431 | D:4      | Learned a level 3 spell: Stone Arrow
   436 | D:4      | Learned a level 4 spell: Petrify
   463 | D:5      | Noticed a gnoll sergeant
   467 | D:5      | Noticed a black bear
   495 | D:5      | Killed a black bear
   496 | D:5      | Reached XP level 6. HP: 28/45 MP: 2/13
   507 | D:5      | Reached XP level 7. HP: 19/50 MP: 2/14
   517 | D:6      | Reached skill level 5 in Earth Magic
   598 | D:5      | Found a radiant altar of Vehumet.
   615 | D:5      | Became a worshipper of Vehumet
   695 | D:6      | Learned a level 2 spell: Sublimation of Blood
   786 | D:6      | Reached skill level 5 in Spellcasting
   786 | D:6      | Reached XP level 8. HP: 33/57 MP: 6/16
   870 | D:8      | Noticed Joseph
   873 | D:8      | Reached skill level 5 in Dodging
   930 | D:7      | Found a bloodstained altar of Trog.
   930 | D:7      | Noticed AlmostDecent's ghost (novice GnEE)
   937 | D:7      | Found a transporter.
   938 | D:7      | Noticed a moth of wrath
   947 | D:7      | Found a transporter.
   959 | D:7      | Reached skill level 1 in Evocations
   982 | D:7      | Reached skill level 1 in Conjurations
   982 | D:7      | Reached skill level 5 in Transmutations
   986 | D:7      | Reached skill level 1 in Fighting
   986 | D:7      | Reached skill level 1 in Necromancy
   986 | D:7      | Reached * piety under Vehumet
   986 | D:7      | Offered knowledge of Foxfire by Vehumet.
   987 | D:7      | Gained mutation: You passively map the area around you.
                  | [Meteoran growth]
   987 | D:7      | Reached XP level 9. HP: 32/64 MP: 10/18
  1024 | D:7      | Found a flagged portal.
  1039 | Bailey   | Entered a bailey
  1108 | Bailey   | Noticed an orc knight
  1151 | Bailey   | Killed an orc knight
  1169 | Bailey   | Found a large runed translucent door.
  1169 | Bailey   | Found a large runed translucent door.
  1170 | Bailey   | Noticed a deep elf pyromancer
  1205 | Bailey   | Killed a deep elf pyromancer
  1206 | Bailey   | Reached skill level 5 in Evocations
  1206 | Bailey   | Reached XP level 10. HP: 77/77 MP: 14/20
  1296 | D:7      | Noticed Maggie
  1316 | D:7      | Killed Maggie
  1332 | D:7      | Found a broken altar of Ashenzari.
  1518 | D:8      | Noticed a +0 spear
  1518 | D:8      | Noticed a +0 short sword
  1519 | D:8      | Noticed a +0 short sword
  1520 | D:8      | Noticed a +0 dagger
  1524 | D:8      | Noticed a +0 falchion
  1525 | D:8      | Noticed a +0 spear
  1526 | D:8      | Noticed a +0 dagger
  1526 | D:8      | Noticed a +0 falchion
  1527 | D:8      | Found a hide-covered altar of Uskayaw.
  1554 | D:8      | Killed Joseph
  1554 | D:8      | Reached ** piety under Vehumet
  1554 | D:8      | Offered knowledge of Scorch by Vehumet.
  1594 | D:8      | Found a staircase to the Lair.
  1607 | Lair:1   | Entered Level 1 of the Lair of Beasts
  1616 | Lair:1   | Noticed a torpor snail
  1663 | Lair:1   | Reached XP level 11. HP: 59/85 MP: 13/23
  1667 | Lair:1   | Noticed an elephant
  1668 | Lair:1   | Noticed an elephant
  1733 | Lair:1   | Reached skill level 5 in Conjurations
  1743 | Lair:1   | Reached skill level 5 in Fighting
  1807 | Lair:1   | Offered knowledge of Mephitic Cloud by Vehumet.
  1840 | Lair:1   | Slain by a yak

Illustrated notes

Levels and vault maps discovered:
D:1:      saegor_arrival_simple_c, layout_basic,
          dilly_ecumenical_altar_fadedgnrine, serial_shops, shop
D:2:      layout_loops_cross, uniq_terence
D:3:      layout_loops_ring, serial_shops, shop
D:4:      layout_loops_cross, fedhas_altar_1, hangedman_decor_points
D:5:      layout_basic, vehumet_statue, temple_green
D:6:      layout_loops_ring
D:7:      layout_layer_cave, ashenzari_altar_1,
          gammafunk_ghost_wrathful_warriors, enter_bailey_4,
          minmay_misc_feat_more_columns, st_stairs_6, uniq_duvessa, uniq_maggie
D:8:      layout_loops_ring, nicolae_uskayaw_en_pointe,
          grunt_lair_entry_orc_guard_hut, serial_shops, shop,
          minmay_quadrilaterals, uniq_joseph
D:9:      layout_rooms, nemelex_spade_bored_becter,
          nicolae_overflow_hidden_temple, serial_shops,
          nicolae_shop_advertising_works [nicolae_subvault_shop_adworks],
          nicolae_take_the_stairs, shop, minmay_unpleasant_kobolds
Lair:1:   layout_regular_city, nicolae_lair_run_with_the_wolves,
          grunt_megastairs_5

Skill      XL: |  1  2  3  4  5  6  7  8  9 10 11 |
---------------+----------------------------------+-----
Spellcasting   | 3 4 5 6 7 8 |  8.1
Dodging        | 3 4 5 6 7 |  7.9
Transmutations | 2 3 4 5 6 7 |  7.7
Earth Magic    | 4 5 6 7 8 |  8.4
Stealth        | 2 3 |  3.4
Evocations     | 2 5 6 8 |  8.4
Conjurations   | 1 3 4 5 |  5.7
Fighting       | 1 3 4 5 |  5.3
Necromancy     | 1 3 |  3.0

Action                   |  1- 3 |  4- 6 |  7- 9 | 10-12 || total
-------------------------+-------+-------+-------+-------++-------
Melee: Unarmed           |     1 |    14 |     4 |     9 ||    28
       War axe           |       |       |       |    19 ||    19
       Punch             |       |       |       |     4 ||     4
 Cast: Sandblast         |    23 |    45 |    75 |    58 ||   201
       Stone Arrow       |       |     2 |    31 |    22 ||    55
       Passwall          |       |     1 |       |     2 ||     3
       Petrify           |       |       |       |     9 ||     9
Evoke: Wand              |       |       |    12 |     4 ||    16
  Use: Potion            |       |     4 |     4 |     5 ||    13
       Scroll            |       |     3 |     8 |     3 ||    14
 Stab: Petrified         |       |       |       |    15 ||    15
Armor: Robe              |     3 |    17 |    28 |       ||    48
       Steam dragon scal |       |       |       |    49 ||    49
Dodge: Dodged            |    11 |    24 |    55 |    65 ||   155
